 Dungeon Crawl Stone Soup version 0.24.1 (webtiles) character file.

Game seed: 9557396126021390022, levelgen mode: deterministic

1041 BreadTh the Slasher (level 8, -1/105 HPs)
             Began as a Minotaur Berserker on Mar 28, 2020.
             Was a Priest of Trog.
             Slain by a gnoll sergeant
             ... wielding the +9 trident "Dragonslayer" {elec, *Rage rC+++ SInv}
              (2 damage)
             ... on level 5 of the Dungeon.
             The game lasted 00:14:19 (4487 turns).

BreadTh the Slasher (Minotaur Berserker)            Turns: 4487, Time: 00:14:20

Health: -1/105     AC: 14    Str: 29    XL:     8   Next: 4%
Magic:  7/7        EV:  9    Int:  4    God:    Trog [***...]
Gold:   180        SH:  0    Dex: 10    Spells: 7/7 levels left

rFire    . . .     SeeInvis .   a - +0 falchion
rCold    . . .     Gourm    .   (no shield)
rNeg     . . .     Faith    .   y - +0 plate armour
rPois    .         Spirit   .   (helmet restricted)
rElec    .         Reflect  .   z - +0 cloak {MR+}
rCorr    .         Harm     .   (no gloves)
MR       +....                  i - +0 pair of boots
Stlth    ..........             (no amulet)
HPRegen  0.27/turn              (no ring)
MPRegen  0.10/turn              (no ring)

@: berserking, lightly drained, very quick
A: retaliatory headbutt, horns 2
a: Berserk, Trog's Hand, Renounce Religion


You were on level 5 of the Dungeon.
You worshipped Trog.
Trog was most pleased with you.
You were hungry.

You visited 1 branch of the dungeon, and saw 5 of its levels.

You collected 180 gold pieces.

Inventory:

Hand Weapons
 a - a +0 falchion (weapon)
Missiles
 l - 62 bolts
 m - 31 poisoned darts (quivered)
Armour
 i - a +0 pair of boots (worn)
 y - a +0 plate armour (worn)
 z - a +0 cloak of magic resistance (worn)
Wands
 u - a wand of flame (16)
Scrolls
 d - a scroll of amnesia {unknown}
 e - a scroll of remove curse {unknown}
 f - 3 scrolls of teleportation {unknown}
 g - a scroll of random uselessness {unknown}
 k - 6 scrolls of identify {unknown}
 n - a scroll of fear {unknown}
 r - 2 scrolls of enchant armour {unknown}
 t - a scroll of noise {unknown}
 A - a scroll of immolation {unknown}
 B - a scroll of magic mapping {unknown}
Potions
 b - a potion of invisibility {unknown}
 j - a potion of ambrosia {unknown}
 o - a potion of degeneration {unknown}
 p - 3 potions of haste {unknown}
 q - 3 potions of mutation {unknown}
 s - a potion of resistance {unknown}
 v - a potion of brilliance {unknown}
 w - a potion of lignification {unknown}
 x - a potion of curing {unknown}
Comestibles
 c - 9 rations
 h - 2 chunks of flesh


   Skills:
 + Level 6.2(6.0) Fighting
 * Level 7.9(7.7) Long Blades
 + Level 5.4(5.2) Armour
 + Level 5.0(4.8) Dodging


You had 7 spell levels left.
You didn't know any spells.
Your spell library contained the following spells:

 Spells                   Type           Power        Failure   Level  Hunger
 Animate Skeleton         Necr           N/A          99%         1    ##.....
 Apportation              Tloc           #.....       99%         1    ##.....
 Confusing Touch          Hex            #.....       99%         1    ##.....
 Summon Small Mammal      Summ           #...         99%         1    ##.....


Dungeon Overview and Level Annotations

Branches:
Dungeon (5/15)             Temple (0/1) D:4

Altars:
Fedhas
Kikubaaqudgha
Uskayaw
Vehumet
The Shining One

Annotations:
D:3 from below -> ring
D:5 1 transporter, hudiniq's ghost, novice DDFi


Innate Abilities, Weirdness & Mutations

You reflexively headbutt those who attack you in melee.
You have a pair of horns on your head.


Message History

Your headbutt misses the gnoll sergeant.
The gnoll sergeant is severely wounded.
The gnoll hits you from afar with a +0 trident.
* * * LOW HITPOINT WARNING * * *
You closely miss the gnoll sergeant. The gnoll sergeant blocks your attack.
The gnoll sergeant is severely wounded.
The gnoll sergeant hits you with the +9 trident "Dragonslayer" {elec, *Rage rC+++ SInv}!
* * * LOW HITPOINT WARNING * * *
The gnoll hits you from afar with a +0 trident.
* * * LOW HITPOINT WARNING * * *
You hit the gnoll sergeant. You headbutt the gnoll sergeant!
The gnoll sergeant is almost dead.
The gnoll sergeant hits you with the +9 trident "Dragonslayer" {elec, *Rage rC+++ SInv}!
* * * LOW HITPOINT WARNING * * *
Okay, then.
You hit the gnoll sergeant but do no damage.
Your headbutt misses the gnoll sergeant.
The gnoll sergeant is almost dead.
The gnoll sergeant hits you with the +9 trident "Dragonslayer" {elec, *Rage rC+++ SInv}.
You die...

#.8.#.###.©.###.#g8g#≈≈.#...##...
#...###g#####©###...#≈≈..........
###...............###≈≈..##.#..<.
.8#.######'######.#8.≈≈..........
.##.#g #8.P#P⌠P#.##.≈≈......#...
.#..' #⌠g.....'.. .........#
.##.#. #8$W#P⌠P#g# ..........
.8#.######'######.# ...#^...##
###..........Wgg@.# ......###
#...###.#####g###...# .##.
#.8.#.###.©.###.#.8.#
#####...........#####≈
≈≈≈≈≈≈≈≈≈...≈≈≈≈≈≈ ≈≈≈.
≈≈≈≈≈≈≈≈≈...≈≈≈≈≈≈≈ ≈≈..
...................% ...
################..##. ... .


You could see 2 gnoll sergeants, hudiniq's ghost and 2 gnolls.

Vanquished Creatures
  3 ogres
  2 phantoms
  Blork the orc (D:4)
  A hound (D:4)
  4 orc priests
  Crazy Yiuf (D:4)
  3 orc wizards
  2 iguanas (D:4)
  3 worker ants
  A hound skeleton (D:4)
  6 adders
  2 gnolls (D:5)
  An ooze (D:2)
  A dart slug (D:2)
  6 leopard geckos
  17 orcs
  7 giant cockroaches
  5 goblins
  3 hobgoblins
  7 kobolds
  5 bats
  3 frilled lizards
  7 rats
91 creatures vanquished.

Vanquished Creatures (others)
  A plant (D:5)
1 creature vanquished.

Grand Total: 92 creatures vanquished

Notes
Turn   | Place    | Note
-------+----------+-------------------------------------------
     0 | D:1      | BreadTh the Minotaur Berserker began the quest for the Orb.
     0 | D:1      | Reached XP level 1. HP: 19/19 MP: 0/0
   112 | D:1      | Reached XP level 2. HP: 27/27 MP: 1/1
   143 | D:1      | Reached skill level 4 in Long Blades
   467 | D:1      | Reached ** piety under Trog
   834 | D:2      | Reached XP level 3. HP: 30/33 MP: 2/2
  1265 | D:2      | Noticed an ogre
  1271 | D:2      | Killed an ogre
  1271 | D:2      | Reached skill level 5 in Long Blades
  1271 | D:2      | Reached XP level 4. HP: 41/41 MP: 3/3
  1271 | D:2      | Reached XP level 5. HP: 47/47 MP: 4/4
  1392 | D:2      | Found a blossoming altar of Fedhas.
  1392 | D:2      | Found an ancient bone altar of Kikubaaqudgha.
  1941 | D:3      | Found a radiant altar of Vehumet.
  2286 | D:3      | Reached XP level 6. HP: 40/55 MP: 5/5
  2728 | D:3      | Reached skill level 5 in Fighting
  2975 | D:4      | Reached skill level 6 in Long Blades
  3039 | D:4      | Found a staircase to the Ecumenical Temple.
  3185 | D:4      | Noticed Blork the orc
  3197 | D:4      | Killed Blork the orc
  3197 | D:4      | Reached XP level 7. HP: 54/61 MP: 6/6
  3412 | D:4      | Reached *** piety under Trog
  3423 | D:4      | Reached skill level 7 in Long Blades
  3587 | D:4      | Found a runed translucent door.
  3588 | D:4      | Noticed Crazy Yiuf
  3593 | D:4      | Killed Crazy Yiuf
  3862 | D:4      | Reached skill level 5 in Armour
  4235 | D:4      | Found a glowing golden altar of the Shining One.
  4306 | D:5      | Entered Level 5 of the Dungeon
  4319 | D:5      | Found a hide-covered altar of Uskayaw.
  4339 | D:5      | Reached skill level 5 in Dodging
  4377 | D:5      | Identified the +9 trident "Dragonslayer" {elec, *Rage rC+++
                  | SInv}
  4377 | D:5      | Identified the +5 scale mail of the Engineer {Str+2 Dex+4
                  | Stlth-}
  4386 | D:5      | Found a transporter.
  4402 | D:5      | Reached XP level 8. HP: 70/70 MP: 7/7
  4445 | D:5      | Found a transporter.
  4459 | D:5      | Noticed hudiniq's ghost (novice DDFi)
  4486 | D:5      | HP: 1/105 [gnoll sergeant/the +9 trident "Dragonslayer"
                  | {elec, *Rage rC+++ SInv} (15)]
  4487 | D:5      | Slain by a gnoll sergeant

Levels and vault maps discovered:
D:1:      onia_arrival_larder, layout_basic
D:2:      layout_loops_ring, grunt_temple_overflow_growth_and_decay,
          roderic_cross_of_infinity
D:3:      layout_loops_ring, nicolae_overflow_hidden_temple, first_ration,
          grunt_ministairs_15
D:4:      layout_basic, lemuel_coloured_pillars_altar,
          minmay_temple_entry_junction_2, uniq_blork_the_orc,
          uniq_crazy_yiuf_cottage
D:5:      layout_rooms, kennysheep_mini_moat, gammafunk_ghost_gnarly_gnolls,
          minmay_fire_ice_demons

Skill      XL: |  1  2  3  4  5  6  7 |
---------------+----------------------+-----
Long Blades    | 4 5 6 7 |  7.9
Fighting       | 4 5 6 |  6.2
Armour         | 3 4 5 |  5.4
Dodging        | 3 4 5 |  5.0

Action                   |  1- 3 |  4- 6 |  7- 9 || total
-------------------------+-------+-------+-------++-------
Melee: Falchion          |    62 |   145 |    76 ||   283
       Headbutt          |     9 |    27 |    12 ||    48
Throw: Dart              |     2 |     5 |     1 ||     8
Invok: Berserk           |       |     1 |     3 ||     4
 Stab: Sleeping          |     1 |       |       ||     1
  Eat: Chunk             |     1 |     7 |     6 ||    14
Armor: Animal skin       |     4 |       |       ||     4
       Scale mail        |    19 |    10 |       ||    29
       Chain mail        |       |    42 |       ||    42
       Plate armour      |       |    20 |    43 ||    63
Dodge: Dodged            |    38 |    68 |    25 ||   131
       Rpst.: Falchion   |    15 |    19 |     5 ||    39
